Map: Catalyst LE

Players

Geralt (Gerald) - Winner!

  • Race: Protoss Protoss
  • League: Grandmaster
  • Spawn Location: 11:00

liquidthermy (uThermal)

  • Race: Protoss Protoss
  • League: Grandmaster
  • Spawn Location: 5:00

Event: HomeStory Cup XVII

VOD

Have the link to the VOD?

Description

Time

  • Played on: June 29, 2018, 5:19 p.m.
  • Length: 6:08

All games in this series

Show
View Real Time Build Order
Export as new Build Order

Geralt Protoss - Winner!

Build Orders:  

Get SALT Encoding   

  12  0:00  Probe  
  13  0:12  Probe  
  14  0:17  Pylon  
  14  0:23  Probe  
  15  0:31  Probe  
  16  0:39  Gateway, Probe  
  16  0:46  Assimilator  
  17  0:50  Probe  
  17  0:55  Assimilator  
  18  0:58  Probe  
  19  1:06  Probe  
  20  1:15  Gateway  
  20  1:17  Probe  
  21  1:27  Cybernetics Core  
  21  1:29  Probe  
  22  1:35  Pylon  
  22  1:42  Probe  
  22  1:45  Warp Gate  
  23  1:54  Probe  
  24  2:03  Adept x2  
  24  2:06  Probe  
  29  2:12  Pylon  
  29  2:19  Pylon  
  29  2:30  Stalker  
  29  2:31  Stalker  
  32  2:45  Gateway  
  32  2:50  Gateway  
  32  3:00  Shield Battery  
  32  3:19  Pylon  
  32  3:29  Robotics Facility  
  32  3:47  Stalker x3  
  38  3:48  Sentry  
  40  4:02  Pylon  
  40  4:13  Stalker x2  
  40  4:24  Stalker  
  40  4:25  Stalker  
  44  4:39  Stalker  
  42  4:49  Stalker x2  
  44  5:05  Stalker x2  
  40  5:15  Sentry x2  
  42  5:21  Immortal  
  46  5:41  Stalker  
  40  5:58  Zealot  
  40  6:03  Zealot  
Show
View Real Time Build Order
Export as new Build Order

liquidthermy Protoss 

Build Orders:  

Get SALT Encoding   

  12  0:01  Probe  
  13  0:13  Probe  
  14  0:17  Pylon  
  14  0:23  Probe  
  15  0:31  Probe  
  16  0:39  Gateway  
  16  0:40  Probe  
  16  0:46  Assimilator  
  17  0:52  Probe  
  19  1:04  Probe  
  19  1:05  Assimilator  
  19  1:13  Gateway  
  19  1:16  Probe  
  20  1:27  Cybernetics Core  
  20  1:28  Probe  
  21  1:41  Probe  
  21  1:45  Pylon  
  22  1:53  Warp Gate, Probe  
  22  1:54  Stalker  
  23  2:05  Probe  
  26  2:16  Sentry  
  28  2:25  Pylon  
  28  2:26  Stalker  
  30  2:41  Gateway  
  30  2:44  Stalker  
  32  2:49  Gateway  
  32  2:56  Stalker  
  34  2:59  Pylon  
  34  3:09  Pylon  
  34  3:11  Shield Battery  
  34  3:25  Probe  
  34  3:40  Pylon  
  34  3:56  Stalker x2  
  34  3:59  Pylon  
  34  4:00  Stalker x2  
  42  4:07  Pylon  
  40  4:27  Stalker x2  
  42  4:35  Stalker  
  40  4:47  Stalker  
  40  4:51  Sentry  
  42  4:54  Stalker  
  42  5:16  Sentry, Stalker x2  
  48  5:30  Stalker  
  48  5:39  Stalker  
  48  5:49  Stalker  
  32  6:05  Stalker x2  
Tags
 
Add a new tag
Caveats
  • Supply blocks, unpowered buildings, or Contaminate may cause inaccurate times.
  • Supply counts are checked every 10 seconds.